 Dungeon Crawl Stone Soup version 0.28.0-53-g5a82cb258f (webtiles) character file.

Game seed: 16622228897599822257

25629 ILmort the Fighter (level 12, -3/117 HPs)
             Began as a Minotaur Fighter on Aug 7, 2022.
             Was a Priest of the Shining One.
             Slain by a bog body (4 damage)
             ... on level 2 of the Lair of Beasts.
             The game lasted 01:13:56 (18759 turns).

ILmort the Fighter (Minotaur Fighter)              Turns: 18759, Time: 01:13:56

Health: -3/117     AC: 33    Str: 26      XL:     12   Next: 91%
Magic:  11/11      EV:  6    Int:  8 (9)  God:    the Shining One [***...]
Gold:   1544       SH:  6    Dex:  4      Spells: 11/11 levels left

rFire   + + +      SeeInvis .   a - +10 spear of Doom {freeze, rF+++ Int+4 Dex-4 Stlth+}
rCold   + + .      Faith    .   c - +0 buckler
rNeg    + . .      Spirit   .   q - +9 scales of the Dragon King {rPois rF+ rC+ Will+}
rPois   +          Reflect  .   (helmet restricted)
rElec   .          Harm     .   t - +1 cloak
rCorr   .          Rampage  .   (no gloves)
Will    +....                   G - +0 pair of boots
Stlth   ..........              g - amulet of the acrobat
HPRegen 0.29/turn               C - +4 ring of slaying
MPRegen 0.12/turn               s - ring of protection from cold

@: brilliant, flying, slowed, glowing, very slow
A: horns 2, retaliatory headbutt, beak, iridescent scales 1, clumsy 1,
deterioration 1
a: Renounce Religion, Divine Shield, Cleansing Flame


You were on level 2 of the Lair of Beasts.
You worshipped the Shining One.
The Shining One was most pleased with you.
You visited 3 branches of the dungeon, and saw 14 of its levels.
You also visited: Sewer and Bailey.

You collected 1544 gold pieces.

Inventory:

Hand Weapons
 a - the +10 spear of Doom (weapon) {freeze, rF+++ Int+4 Dex-4 Stlth+}
   (You found it on level 3 of the Dungeon)

   It freezes those it strikes, dealing additional cold damage.
   It can also slow down cold-blooded creatures.
   Int:       It affects your intelligence (+4).
   Dex:       It affects your dexterity (-4).
   rF:        It renders you almost immune to fire.
   Stlth:     It makes you more stealthy.
 b - a +5 mace of freezing
 B - the +9 fustibalus "Hoem" {flame, Dex+2}
   (You found it on level 10 of the Dungeon)

   Any ammunition fired from it burns those it strikes, dealing additional fire
   damage.
   Dex:       It affects your dexterity (+2).
Missiles
 E - 61 sling bullets
Armour
 c - a +0 buckler (worn)
 q - the +9 scales of the Dragon King (worn) {rPois rF+ rC+ Will+}
   (You found it on level 10 of the Dungeon)

   rF:        It protects you from fire.
   rC:        It protects you from cold.
   rPois:     It protects you from poison.
   Will:      It increases your willpower.
 t - a +1 cloak (worn)
 G - a +0 pair of boots (worn)
Jewellery
 d - a ring of protection from cold
 g - an amulet of the acrobat (around neck)
 s - a ring of protection from cold (right hand)
 C - a +4 ring of slaying (left hand)
 K - a ring of protection from fire
Wands
 j - a wand of flame (21)
 o - a wand of acid (8)
 u - a wand of digging (5)
 y - a wand of iceblast (2)
 I - a wand of polymorph (7)
 J - a wand of mindburst (18)
Scrolls
 e - 2 scrolls of fog
 f - 3 scrolls of amnesia
 k - a scroll of enchant armour
 n - a scroll of acquirement
 r - 3 scrolls of vulnerability
 A - 2 scrolls of enchant weapon
 D - 5 scrolls of identify
 F - a scroll of teleportation {unknown}
 L - a scroll of silence {unknown}
Potions
 h - 2 potions of magic
 i - 2 potions of attraction
 l - a potion of mutation
 m - 6 potions of curing
 v - a potion of resistance
 x - a potion of experience
Miscellaneous
 w - a phantom mirror


   Skills:
 + Level 14.2 Fighting
 - Level 12.7 Maces & Flails
 + Level 11.8 Armour
 - Level 9.0 Dodging
 + Level 11.9 Shields


You had 11 spell levels left.
You didn't know any spells.
Your spell library contained the following spells:

 Spells                   Type           Power      Damage    Failure   Level
 Magic Dart               Conj           0%         1d3       100%        1
 Sandblast                Erth           0%         2d4       100%        1
 Sting                    Tmut/Pois      0%         1d3       100%        1
 Call Imp                 Summ           0%         N/A       100%        2
 Passwall                 Tmut/Erth      0%         N/A       100%        2
 Poisonous Vapours        Pois/Air       0%         N/A       100%        2
 Searing Ray              Conj           0%         2d4       100%        2
 Static Discharge         Conj/Air       0%         N/A       100%        2
 Gell's Gravitas          Tloc           0%         N/A       100%        3
 Mephitic Cloud           Conj/Pois/Air  0%         N/A       100%        3
 Stone Arrow              Conj/Erth      0%         3d7       100%        3
 Summon Guardian Golem    Hex/Summ       0%         N/A       100%        3
 Teleport Other           Tloc           0%         N/A       100%        3
 Tukima's Dance           Hex            0%         N/A       100%        3
 Anguish                  Hex/Necr       0%         N/A       100%        4
 Dispel Undead            Necr           0%         3d6       100%        4
 Fulminant Prism          Conj/Hex       0%         3d6       100%        4
 Olgreb's Toxic Radiance  Pois           0%         N/A       100%        4
 Sticky Flame             Conj/Fire      0%         2d3       100%        4
 Summon Ice Beast         Ice/Summ       0%         N/A       100%        4
 Freezing Cloud           Conj/Ice/Air   0%         6-21      100%        5
 Summon Mana Viper        Hex/Summ       0%         N/A       100%        5
 Dispersal                Tloc           0%         N/A       100%        6
 Simulacrum               Ice/Necr       0%         N/A       100%        6
 Enfeeble                 Hex            0%         N/A       100%        7
 Monstrous Menagerie      Summ           0%         N/A       100%        7
 Orb of Destruction       Conj           0%         9d5       100%        7
 Spellforged Servitor     Conj/Summ      0%         N/A       100%        7
 Polar Vortex             Ice            0%         N/A       100%        9


Dungeon Overview and Level Annotations

Branches:
Dungeon (10/15)            Temple (1/1) D:7            Lair (3/6) D:10
  Sewer (visited)          Bailey (visited)
  Swamp: Lair:2-4    Shoals: Lair:2-4     Snake: Lair:2-4    Spider: Lair:2-4
    Orc: D:9-12

Altars:
Cheibriados
Fedhas
Hepliaklqana
Okawaru
Qazlal
Ru
Sif Muna
Xom
Zin
The Shining One

Shops:
D:1 *

Portals:
Abyss: Lair:1

Annotations:
Lair:1 2 transporters, kalagan's ghost, journeyman DECj
Lair:3 Fannar


Innate Abilities, Weirdness & Mutations

You have a pair of horns on your head.
You reflexively headbutt those who attack you in melee.
You have a beak for a mouth.
You are partially covered in iridescent scales. (AC +2)
You are clumsy. (Dex -2)
Your body sometimes deteriorates upon taking damage.


Message History

The torpor snail is almost dead.
The bog body touches you. The bog body freezes you. You resist.
* * * LOW HITPOINT WARNING * * *
The dream sheep bites you but does no damage.
The swamp worm bites you but does no damage.
The bog body closely misses you. You furiously retaliate!
You headbutt the bog body! The torpor snail barely misses you.
The dream sheep ruffles its wool and motes of dream dust sparkle, to no effect.
The swamp worm bites you but does no damage.
You hit the torpor snail but do no damage.
You headbutt the torpor snail.
The torpor snail is almost dead.
The swamp worm bites you!
* * * LOW HITPOINT WARNING * * *
The bog body casts a spell at you. The bolt of cold hits you! You resist.
* * * LOW HITPOINT WARNING * * *
The dream sheep ruffles its wool and motes of dream dust sparkle, to no effect.
You block the torpor snail's attack.
The swamp worm bites you but does no damage.
The bog body touches you but does no damage.
The dream sheep bites you but does no damage.
As you read the scroll of fear, it crumbles to dust.
You assume a fearsome visage.
The torpor snail looks frightened!
The bog body is unaffected.
The swamp worm looks frightened!
The dream sheep looks frightened!
A frightened dream sheep leaps away.
The bog body touches you!
* * * LOW HITPOINT WARNING * * *
The bog body freezes you! You resist. The Shining One protects you from harm!
It was a potion of flight.
You feel very buoyant.
You fly up into the air.
The bog body casts a spell at you.
You feel as though you will be slow longer.
The bog body touches you.
* * * LOW HITPOINT WARNING * * *
The bog body freezes you. You resist.
You die...

.###.##.....P.....#####..........
..#####.#.....#...# ##.........
#.# #...........# ##..#....# #.##
####.....##### #.......# #.P###
#....#w##P# ###..#P..# .'##.#
###...Y.....#####(........
.....###.#...........#...........
.....P###..........##..#.........
.....#####......@..w#.#..........
......##.P.....n...#..#P.........
.....'................##.........
......##.#.........'.###.........
#.#'######..........## #.#.#..###
##..# ##..........## ########
...### #......P##..# P.P..#
#..........## ....## #........[.#


You could see a torpor snail (fleeing), a bog body, a swamp worm (fleeing) and a
dream sheep (fleeing).

Vanquished Creatures
  A fire giant (D:10)
  A boulder beetle (D:7)
  An ogre mage (D:9)
  3 hydras (Lair:2)
  A centaur warrior (D:10)
  4 two-headed ogres
  A death knight (D:9)
  Nergalle (Lair:1)
  A wizard (D:9)
  An ugly thing (D:9)
  A manticore (D:10)
  Maggie (Lair:1)
  An unseen horror (D:10)
  A gargoyle (D:9)
  2 cane toads (Lair:1)
  A komodo dragon (Lair:2)
  3 polar bears (Lair:2)
  3 dream sheep (Lair:3)
  4 wyverns
  28 yaks
  A wraith (D:10)
  A basilisk (Lair:2)
  Grum (D:9)
  A steam dragon (D:8)
  4 acid dragons
  7 water moccasins
  14 orc warriors
  3 sky beasts
  A necrophage (D:7)
  2 hornet zombies
  3 black bears
  2 ice beasts (D:5)
  2 wolves (D:9)
  2 ogres
  11 centaurs
  6 kobold brigands
  6 bullfrogs
  3 scorpions
  A wyvern skeleton (D:7)
  A water moccasin skeleton (D:6)
  9 killer bees
  16 wights
  2 howler monkeys (D:7)
  4 centaur zombies
  A bullfrog zombie (D:6)
  3 jellies
  3 orc priests
  4 hounds
  A bullfrog skeleton (D:6)
  3 centaur skeletons
  6 orc wizards
  5 iguanas
  2 howler monkey zombies
  5 gnolls
  A howler monkey skeleton (D:6)
  12 adders
  3 river rats (Sewer)
  A shadow imp (D:7)
  An ufetubus (D:7)
  A worm (D:2)
  6 dart slugs
  32 orcs
  10 ball pythons
  9 endoplasms
  9 giant cockroaches
  15 goblins
  5 hobgoblins
  2 jackals (D:3)
  2 quokkas
  10 bats
  3 frilled lizards
  25 kobolds
  9 rats
  A bush (Lair:2)
353 creatures vanquished.

Vanquished Creatures (others)
  A two-headed ogre (D:8)
  A killer bee (D:10)
  An orc (Bailey)
  2 fungi
  22 plants
27 creatures vanquished.

Grand Total: 380 creatures vanquished

Notes
Turn   | Place    | Note
-------+----------+-------------------------------------------
     0 | D:1      | ILmort the Minotaur Fighter began the quest for the Orb.
     0 | D:1      | Reached XP level 1. HP: 19/19 MP: 0/0
   228 | D:1      | Found a faded altar of an unknown god.
   233 | D:1      | Reached skill level 4 in Fighting
   233 | D:1      | Reached XP level 2. HP: 18/27 MP: 1/1
   674 | D:1      | Reached XP level 3. HP: 34/34 MP: 2/2
   870 | D:1      | Found Xynorhal's Assorted Antiques.
  1643 | D:2      | Reached XP level 4. HP: 29/41 MP: 3/3
  1901 | D:2      | Reached skill level 5 in Fighting
  2381 | D:3      | Reached XP level 5. HP: 40/48 MP: 4/4
  2485 | D:3      | Found a glowing drain.
  2518 | D:3      | Reached skill level 5 in Maces & Flails
  2528 | Sewer    | Entered a sewer
  2596 | Sewer    | Reached skill level 6 in Fighting
  2678 | Sewer    | Reached XP level 6. HP: 57/57 MP: 5/5
  2970 | Sewer    | Reached skill level 7 in Fighting
  3182 | D:3      | Identified the +10 spear of Doom {freeze, rF+++ Int+4 Dex-4
                  | Stlth+}
  3592 | D:4      | Noticed a sky beast
  3597 | D:4      | Killed a sky beast
  3598 | D:4      | Reached XP level 7. HP: 66/66 MP: 6/6
  4336 | D:4      | Reached skill level 8 in Fighting
  4386 | D:5      | Entered Level 5 of the Dungeon
  4923 | D:5      | Reached XP level 8. HP: 77/77 MP: 7/7
  4937 | D:5      | Reached skill level 9 in Fighting
  5656 | D:6      | Reached skill level 10 in Fighting
  5745 | D:6      | Reached skill level 10 in Maces & Flails
  6037 | D:6      | Reached XP level 9. HP: 76/86 MP: 8/8
  6596 | D:6      | Reached skill level 11 in Fighting
  6757 | D:6      | Identified a scroll of acquirement
  6757 | D:6      | Acquired 712 gold pieces
  6888 | D:7      | Found a staircase to the Ecumenical Temple.
  6897 | Temple   | Entered the Ecumenical Temple
  7013 | Temple   | Became a worshipper of the Shining One
  7093 | D:7      | Noticed a boulder beetle
  7407 | D:7      | Killed a boulder beetle
  7431 | D:7      | Reached skill level 5 in Armour
  7431 | D:7      | Reached skill level 5 in Shields
  7673 | D:7      | Reached skill level 12 in Fighting
  7830 | D:7      | Reached * piety under the Shining One
  7963 | D:7      | Found the +7 Kryia's mail coat {PotionHeal*2 rC+}
  8077 | D:7      | Reached XP level 10. HP: 97/97 MP: 9/9
  8440 | D:8      | Noticed a two-headed ogre
  8714 | D:8      | Killed a two-headed ogre
  9330 | D:8      | You fall into a shaft and drop 1 floor!
  9445 | D:9      | Found a flagged portal.
  9452 | Bailey   | Entered a bailey
 10752 | Bailey   | Reached skill level 13 in Fighting
 11317 | D:9      | Noticed a death knight
 11326 | D:9      | Reached skill level 1 in Dodging
 11328 | D:9      | Reached XP level 11. HP: 105/107 MP: 10/10
 11333 | D:9      | Killed a death knight
 11806 | D:9      | Noticed Grum
 11812 | D:9      | Killed Grum
 11906 | D:9      | Found a blossoming altar of Fedhas.
 11969 | D:9      | Reached ** piety under the Shining One
 12266 | D:10     | Entered Level 10 of the Dungeon
 12269 | D:10     | Noticed a wizard
 12272 | D:10     | Noticed an ogre mage
 12275 | D:10     | Noticed a two-headed ogre
 12282 | D:9      | Killed a wizard
 12308 | D:9      | Killed an ogre mage
 12314 | D:9      | Killed a two-headed ogre
 12315 | D:9      | Reached skill level 5 in Dodging
 12526 | D:10     | Noticed a two-headed ogre
 12538 | D:9      | Killed a two-headed ogre
 12705 | D:10     | Noticed a two-headed ogre
 12864 | D:10     | Killed a two-headed ogre
 13219 | D:9      | Noticed a two-headed ogre
 13222 | D:9      | Killed a two-headed ogre
 13244 | D:10     | Noticed a green ugly thing
 13396 | D:9      | Killed a green ugly thing
 13397 | D:9      | Reached XP level 12. HP: 24/115 MP: 11/11
 13405 | D:9      | HP: 5/115 [poisoned by a green ugly thing]
 13998 | D:10     | Reached skill level 10 in Armour
 13998 | D:10     | Reached skill level 10 in Shields
 14068 | D:10     | Found the +9 scales of the Dragon King {rPois rF+ rC+
                  | Will+}
 14099 | D:10     | Identified the +9 fustibalus "Hoem" {flame, Dex+2}
 14116 | D:10     | Noticed a centaur warrior
 14126 | D:10     | Killed a centaur warrior
 14132 | D:10     | Noticed a fire giant
 14132 | D:10     | Reached *** piety under the Shining One
 14142 | D:10     | Gained mutation: Your body sometimes deteriorates upon
                  | taking damage. [potion of mutation]
 14142 | D:10     | Gained mutation: You are partially covered in iridescent
                  | scales. (AC +2) [potion of mutation]
 14142 | D:10     | Gained mutation: You are clumsy. (Dex -2) [potion of
                  | mutation]
 14142 | D:10     | Gained mutation: You have a beak for a mouth. [potion of
                  | mutation]
 14595 | D:10     | Killed a fire giant
 15193 | D:10     | Found a staircase to the Lair.
 16266 | Lair:1   | Entered Level 1 of the Lair of Beasts
 16407 | Lair:1   | Noticed a hell hog
 16418 | Lair:1   | Noticed a rakshasa
 16455 | Lair:1   | Found a transporter.
 16503 | Lair:1   | Found a transporter.
 16503 | Lair:1   | Found a one-way gate to the infinite horrors of the Abyss.
 16503 | Lair:1   | Noticed kalagan's ghost (journeyman DECj)
 16604 | Lair:1   | Noticed Maggie
 16616 | Lair:1   | Killed Maggie
 16938 | Lair:1   | Noticed Nergalle
 16949 | Lair:1   | Killed Nergalle
 17852 | Lair:2   | Noticed a four-headed hydra
 17864 | Lair:2   | Killed a four-headed hydra
 18030 | Lair:2   | Noticed a seven-headed hydra
 18041 | Lair:2   | Killed a seven-headed hydra
 18042 | Lair:2   | Reached skill level 14 in Fighting
 18297 | Lair:2   | Noticed a four-headed hydra
 18302 | Lair:2   | Killed a four-headed hydra
 18631 | Lair:2   | Identified the +0 scale mail "Qeinwum" {rC+}
 18747 | Lair:3   | Noticed Fannar
 18758 | Lair:2   | The Shining One protects you from harm!
 18759 | Lair:2   | HP: 1/117 [bog body (5)]
 18759 | Lair:2   | Slain by a bog body

Illustrated notes

Levels and vault maps discovered:
D:1:      dpeg_arrival_tiny_g, layout_basic, basic_ecumenical_altar,
          serial_shops, nicolae_square_shop, st_stairs_8, minmay_small_reverse_x
D:2:      minmay_chambers_of_twos, layout_basic, minmay_puff
D:3:      layout_rooms, gup_sewer_entry_glass, serial_rivers,
          chequers_serial_rivers_room_a, chequers_serial_rivers_micro_e,
          chequers_serial_rivers_room_b, chequers_serial_rivers_small_a,
          chequers_serial_rivers_room_a
D:4:      layout_gridville
D:5:      wander_river, layout_cave_pods
D:6:      layout_basic, grunt_decor_clamped, minmay_misc_feat_pillars,
          kennysheep_generic_room_10
D:7:      nzn_winding_woodlands_small [nzn_winding_woodlands_5x15_lazy_stream,
          nzn_winding_woodlands_center_garden,
          nzn_winding_woodlands_5x15_sidewinder], layout_gridville,
          minmay_temple_entry_drinking_statues
D:8:      layout_gridville, small_statue_intersection
D:9:      layout_loops_ring, mainiacjoe_overflow_cross_hatched, enter_bailey_3,
          uniq_grum
D:10:     minmay_the_grid_four_pointed_star_mashed
          [minmay_the_grid_triangle_9x9_alien,
          minmay_the_grid_triangle_9x9_limited_checkers,
          minmay_the_grid_triangle_9x9_pentomino_pain,
          minmay_the_grid_triangle_9x9_warning,
          minmay_the_grid_prize_diamond_cup], layout_rooms, dpeg_oklobed_lair
Temple:   mainiacjoe_temple_trianglar_array
Lair:1:   layout_small_grid, gammafunk_ghost_abyssal_escape, wad_woods_03,
          uniq_maggie, uniq_nergalle
Lair:2:   layout_roguey
Lair:3:   layout_cave_pods, nicolae_swamp_entry_splash_gauntlet,
          portal_ice_cave_entry_pillars_2, uniq_fannar

Skill      XL: |  1  2  3  4  5  6  7  8  9 10 11 12 |
---------------+-------------------------------------+-----
Fighting       | 4 5 6 7 8 10 12 13 14 | 14.2
Maces & Flails | 3 4 5 6 8 10 11 12 | 12.7
Armour         | 5 7 9 11 | 11.8
Shields        | 5 7 9 11 | 11.9
Dodging        | 1 8 9 |  9.0

Action                   |  1- 3 |  4- 6 |  7- 9 | 10-12 || total
-------------------------+-------+-------+-------+-------++-------
Melee: Flail             |    87 |   103 |       |       ||   190
       Headbutt          |    12 |     7 |    25 |   101 ||   145
       Spear             |       |     3 |   180 |   474 ||   657
       Peck              |       |       |       |    54 ||    54
       Mace              |       |       |       |    19 ||    19
  Use: Scroll            |       |       |    11 |     5 ||    16
       Potion            |       |       |     1 |     8 ||     9
Armor: Scale mail        |    20 |       |       |   137 ||   157
       Chain mail        |    14 |    43 |    67 |       ||   124
       Gold dragon scale |       |       |       |   148 ||   148
Dodge: Dodged            |    65 |    64 |    64 |   258 ||   451
Block: Buckler           |    24 |    15 |    22 |   110 ||   171
